 Dungeon Crawl Stone Soup version 0.22-b1-26-g9dbaab1 (webtiles) character file.

3033 iamserjio the Covert (level 9, -3/82 HPs)
             Began as a Naga Artificer on Aug 8, 2018.
             Was an Initiate of Gozag.
             Slain by an orc warrior
             ... wielding a +0 trident
              (4 damage)
             ... on level 7 of the Dungeon.
             The game lasted 00:32:36 (11723 turns).

iamserjio the Covert (Naga Artificer)              Turns: 11723, Time: 00:32:37

Health: -3/82      AC:  9    Str: 14    XL:     9   Next: 86%
Magic:  13/13      EV:  5    Int: 15    God:    Gozag
Gold:   1005       SH:  8    Dex: 12    Spells: 8/8 levels left

rFire    . . .     SeeInvis +   t - +2 mace (protect)
rCold    . . .     Gourm    .   N - +0 shield
rNeg     . . .     Faith    .   E - +0 scale mail
rPois    +         Spirit   .   (no helmet)
rElec    .         Reflect  .   Q - +1 cloak {rPois}
rCorr    .         Harm     .   i - +0 pair of gloves (curse)
MR       +....                  (no barding)
Stlth    ++........             D - amulet of magic regeneration
HPRegen  0.23/turn              (no ring)
MPRegen  0.38/turn              (no ring)

@: drained, very slow
A: large, see invisible, deformed body, poison resistance, slowness 2, slow
metabolism 1, spit poison 1, AC +3
a: Spit Poison, Potion Petition, Call Merchant, Bribe Branch, Renounce Religion


You were on level 7 of the Dungeon.
You worshipped Gozag.
Gozag was most pleased with you.
You were not hungry.

You visited 2 branches of the dungeon, and saw 8 of its levels.

You collected 1170 gold pieces.
You spent 109 gold pieces at shops.
You paid 56 gold pieces to Gozag.

Inventory:

Hand Weapons
 h - a +0 hunting sling
 l - a +1 whip of venom
 o - a +0 flail
 t - a +2 mace of protection (weapon)
 u - a +0 short sword of flaming
 M - a +0 war axe
 X - a cursed +6 trident
Missiles
 g - 193 stones (quivered)
 j - 106 arrows
 m - 24 poisoned needles
 r - 66 sling bullets
 F - 4 tomahawks
Armour
 i - a cursed +0 pair of gloves (worn)
 E - a +0 scale mail (worn)
 N - a +0 shield (worn)
 Q - a +1 cloak of poison resistance (worn)
Jewellery
 D - an amulet of magic regeneration (around neck)
Wands
 c - a wand of flame (7)
 d - a wand of enslavement (1)
 U - a wand of iceblast (7)
Scrolls
 b - a scroll of enchant armour {unknown}
 k - a scroll of immolation
 s - 2 scrolls of magic mapping
 y - a scroll of remove curse {@r2}
 z - a scroll of fog {unknown}
 A - 2 scrolls of enchant weapon {unknown}
 H - 2 scrolls of blinking {unknown}
 I - 4 scrolls of teleportation {unknown}
 J - 2 scrolls of random uselessness {unknown}
 O - 2 scrolls of acquirement {unknown}
 W - 2 scrolls of amnesia {unknown}
Potions
 a - 2 potions of flight {unknown}
 e - a potion of magic {unknown}
 n - 3 potions of agility
 p - 2 potions of heal wounds
 q - 5 potions of curing {@q1}
 v - 2 potions of haste
 w - 2 potions of resistance
 x - 2 potions of lignification
 B - 3 potions of invisibility {unknown}
 L - a potion of berserk rage {unknown}
Comestibles
 f - 3 rations


   Skills:
 + Level 5.9(5.1) Fighting
 - Level 1.0(0.2) Short Blades
 - Level 1.7(4.2) Axes
 * Level 7.5(6.7) Maces & Flails
 - Level 1.5(0.8) Dodging
 - Level 8.0(7.1) Stealth
 * Level 4.2(3.4) Shields
 - Level 6.0(5.1) Evocations


You had 8 spell levels left.
You didn't know any spells.
Your spell library contained the following spells:

 Spells                   Type           Power        Failure   Level  Hunger
 Magic Dart               Conj           #...         99%         1    ##.....
 Conjure Flame            Conj/Fire      #.......     100%        3    ####...
 Slow                     Hex            #.......     99%         2    ###....
 Mephitic Cloud           Conj/Pois/Air  #.......     100%        3    ####...
 Blink                    Tloc           N/A          99%         2    ###....
 Call Imp                 Summ           #.......     99%         2    ###....


Dungeon Overview and Level Annotations

Branches:
Dungeon (7/15)             Temple (1/1) D:4

Altars:
Ashenzari
Cheibriados
Elyvilon
Fedhas
Gozag
Hepliaklqana
Makhleb
Nemelex Xobeh
Okawaru
Qazlal
Ru
Sif Muna
Trog
Uskayaw
Vehumet
Wu Jian
Xom
Yredelemnul
Zin

Shops:
D:7 *

Annotations:
D:3 Sigmund


Innate Abilities, Weirdness & Mutations

You cannot wear boots.
Your serpentine skin is tough. (AC +3)
You have supernaturally acute eyesight. (SInv)
Armour fits poorly on your strangely shaped body.
Your system is resistant to poisons. (rPois)
You cover ground very slowly.
You have a slow metabolism.
You can spit poison.


Message History

Press: ? - help, Shift-Dir - straight line, f/p - orc warrior
Aim: an orc warrior, wielding a trident and wearing a plate armour (almost dead)
The puff of flame hits the orc warrior.
The orc warrior appears unharmed.
The orc warrior is almost dead.
You block the orc warrior's attack. The orc hits you but does no damage.
Evoke which item? (* to show all) (? for menu, Esc to quit)
Aiming: Throw Flame
Press: ? - help, Shift-Dir - straight line, f/p - orc warrior
Aim: an orc warrior, wielding a trident and wearing a plate armour (almost dead)
The puff of flame hits the orc warrior.
The orc warrior appears unharmed.
The orc warrior is almost dead.
The orc warrior hits you with a trident.
* * * LOW HITPOINT WARNING * * *
The orc barely misses you.
You have got your breath back.
The orc warrior hits you from afar with a trident!!
* * * LOW HITPOINT WARNING * * *
The orc warrior hits you from afar with a trident.
You die...
Your body crumbles into a pile of gold.

#.#.# #.#.# #...#.#
###### #.#.# #.#.#
###...#.# #.#.# #.#.#
.....#.# #.#.#
##.#.#####...#.# #.#.#
#....#.......#.# #.#.#
#....# ###...#.#
#.#.####.##.#
#.......#
#.#.......#.#
#.###.###
#.######..#.# #@# #.#
#.# #..#.# #$# #.#
##.######..#.#$oo# #.#
.#.........#.#######.#
.########.##.........#
..........############
###########


You could see an orc warrior and an orc wizard.

Vanquished Creatures
  Purgy (D:3)
  2 ice beasts
  4 sky beasts
  2 phantoms (D:5)
  3 orc warriors
  5 ogres
  A centaur (D:6)
  2 bullfrogs (D:6)
  7 wights (D:6)
  A howler monkey (D:5)
  2 crimson imps
  A centaur zombie (D:5)
  2 hounds
  6 jellies
  An orc priest (D:5)
  2 orc wizards
  Crazy Yiuf (D:5)
  Jessica (D:3)
  A gnoll (D:7)
  3 worker ants
  A worker ant zombie (D:6)
  3 adders
  4 shadow imps
  11 oozes
  2 adder skeletons
  8 worms
  3 leopard geckos
  10 orcs
  5 bats
  6 giant cockroaches
  3 goblins
  8 hobgoblins
  4 jackals
  6 quokkas
  3 ball pythons
  5 frilled lizards
  11 kobolds
  9 rats
150 creatures vanquished.

Vanquished Creatures (collateral kills)
  An ice beast (D:7)
  A bullfrog (D:7)
  An orc priest (D:6)
  An orc wizard (D:7)
  3 gnolls (D:7)
  An adder zombie (D:6)
  6 orcs
14 creatures vanquished.

Vanquished Creatures (others)
  A gnoll shaman (D:7)
  An orc wizard (D:5)
  9 fungi (D:2)
  6 toadstools (D:2)
17 creatures vanquished.

Grand Total: 181 creatures vanquished

Notes
Turn   | Place    | Note
-------+----------+-------------------------------------------
     0 | D:1      | iamserjio the Naga Artificer began the quest for the Orb.
     0 | D:1      | Reached XP level 1. HP: 18/18 MP: 3/3
   152 | D:1      | Reached skill level 2 in Stealth
   284 | D:1      | Reached XP level 2. HP: 20/26 MP: 4/4
   962 | D:2      | Found a faded altar of an unknown god.
  1425 | D:2      | Reached XP level 3. HP: 32/33 MP: 5/5
  1510 | D:2      | Reached skill level 3 in Stealth
  1645 | D:2      | Reached skill level 1 in Axes
  1946 | D:2      | Reached XP level 4. HP: 12/40 MP: 6/6
  2511 | D:3      | Noticed Purgy
  2944 | D:3      | Found an iron altar of Okawaru.
  2982 | D:3      | Noticed Sigmund
  3621 | D:4      | Found a staircase to the Ecumenical Temple.
  3631 | Temple   | Entered the Ecumenical Temple
  3725 | Temple   | Became a worshipper of Gozag Ym Sagoz the Greedy
  4070 | D:4      | Noticed an ogre
  4077 | D:4      | Killed an ogre
  4077 | D:4      | Reached skill level 1 in Maces & Flails
  4077 | D:4      | Reached skill level 4 in Stealth
  4077 | D:4      | Reached XP level 5. HP: 30/49 MP: 7/7
  4460 | D:4      | Noticed an ogre
  4482 | D:4      | Killed an ogre
  4482 | D:4      | Reached XP level 6. HP: 56/56 MP: 8/8
  4579 | D:3      | Noticed Jessica
  4582 | D:3      | Killed Jessica
  5035 | D:3      | Killed Purgy
  5035 | D:3      | Reached skill level 5 in Stealth
  5447 | D:5      | Entered Level 5 of the Dungeon
  5447 | D:5      | Found a shimmering altar of Xom.
  5447 | D:5      | Noticed a phantom
  5461 | D:4      | Reached XP level 7. HP: 41/63 MP: 10/10
  6391 | D:5      | Reached skill level 6 in Stealth
  6708 | D:5      | Reached XP level 8. HP: 23/73 MP: 11/11
  7106 | D:5      | Reached skill level 5 in Maces & Flails
  7157 | D:5      | Reached skill level 5 in Evocations
  7220 | D:5      | Reached skill level 7 in Stealth
  7393 | D:5      | Found a runed door.
  7897 | D:5      | Noticed Crazy Yiuf
  7904 | D:5      | Killed Crazy Yiuf
  7904 | D:5      | Reached skill level 1 in Shields
  8518 | D:6      | Reached skill level 5 in Fighting
  8577 | D:6      | Reached XP level 9. HP: 74/81 MP: 12/12
  8867 | D:6      | Reached skill level 8 in Stealth
  9809 | D:5      | Found a blossoming altar of Fedhas.
 10687 | D:7      | Found Nazeykh's Assorted Antiques.
 10871 | D:7      | Bought a scroll labeled AGHUIRA PUUGGI for 28 gold pieces
 10871 | D:7      | Bought a scroll labeled OTOMUFF KEUCS for 28 gold pieces
 10871 | D:7      | Bought a white potion for 25 gold pieces
 10871 | D:7      | Bought a scroll labeled GYGEROC AMOREPS for 28 gold pieces
 11723 | D:7      | HP: 1/82 [orc warrior/trident (18)]
 11723 | D:7      | Slain by an orc warrior

Skill      XL: |  1  2  3  4  5  6  7  8  9 |
---------------+----------------------------+-----
Stealth        | 2 3 4 5 6 7 8 |  8.0
Fighting       | 2 3 4 5 |  5.9
Axes           | 1 |  1.7
Maces & Flails | 1 2 3 4 6 7 |  7.5
Evocations     | 4 5 6 |  6.0
Shields        | 2 4 |  4.2
Short Blades   | |  1.0
Dodging        | |  1.5

Action                   |  1- 3 |  4- 6 |  7- 9 || total
-------------------------+-------+-------+-------++-------
Melee: Hand axe          |    74 |       |       ||    74
       Short sword       |    15 |    45 |       ||    60
       Mace              |       |    46 |   304 ||   350
       Quarterstaff      |       |       |    76 ||    76
 Fire: Hunting sling     |       |       |    61 ||    61
Throw: Stone             |       |       |     1 ||     1
Invok: Potion Petition   |       |       |     1 ||     1
 Abil: Spit Poison       |    26 |    10 |    20 ||    56
Evoke: Wand              |     1 |     8 |    35 ||    44
  Use: Scroll            |     3 |     4 |     8 ||    15
       Potion            |       |       |     1 ||     1
 Stab: Sleeping          |     5 |     3 |     1 ||     9
       Distracted        |       |     2 |       ||     2
       Paralysed         |       |       |     3 ||     3
  Eat: Chunk             |     3 |     4 |       ||     7
       Ration            |       |     2 |     5 ||     7
Armor: Leather armour    |    33 |    28 |       ||    61
       Scale mail        |       |     6 |   202 ||   208
Dodge: Dodged            |    65 |    43 |    78 ||   186
Block: Shield            |       |       |   113 ||   113
